 Dungeon Crawl Stone Soup version 0.17-a0-155-g14e20c2 (webtiles) character file.

8073 xeno23 the Magician (level 11, -1/91 HPs)
             Began as a Mottled Draconian Wizard on Mar 25, 2015.
             Was a High Priest of Vehumet.
             Killed by Ozocubu's Refrigeration
             ... invoked by Fannar
              (20 damage)
             ... on level 10 of the Dungeon.
             The game lasted 02:06:41 (13845 turns).

xeno23 the Magician (Mottled Draconian Wizard)     Turns: 13845, Time: 02:06:41

Health: -1/91      AC: 10    Str:  9    XL:     11   Next: 5%
Magic:  11/26      EV: 14    Int: 23    God:    Vehumet [*****.]
Gold:   386        SH:  0    Dex: 11    Spells: 7 memorised, 4 levels left

rFire  . . .     SeeInvis .     D - +3 trident (venom)
rCold  . . .     Clarity  .     (armour unavailable)
rNeg   . . .     SustAb   .     (no shield)
rPois  +         Gourm    .     b - +1 hat
rElec  .         Spirit   .     J - +0 cloak
rCorr  .         Warding  .     S - +0 pair of gloves
rMut   .         Stasis   .     G - -1 pair of boots
MR     .....                    V - amulet of rage
Stlth  ++........               o - ring of poison resistance
                                w - +2 ring of dexterity

@: repel missiles, not resistant to hostile enchantments, unstealthy
A: breathe sticky flames, unfitting armour, cold-blooded, AC +7
a: Breathe Sticky Flame, Renounce Religion, Evoke Berserk Rage


You were on level 10 of the Dungeon.
You worshipped Vehumet.
Vehumet was extremely pleased with you.
You were near starving.

You visited 2 branches of the dungeon, and saw 11 of its levels.
You also visited: Bailey.

You collected 542 gold pieces.
You spent 156 gold pieces at shops.

Inventory:

Hand weapons
 u - the cursed +4 short sword of the Beast {speed, *Rage rF++ Str+2 Stlth+}
   (You found it on level 5 of the Dungeon)

   Attacks with this weapon are significantly faster.
   It affects your strength (+2).
   It greatly protects you from fire.
   It may make you go berserk in combat.
   It makes you more stealthy.
   It has a curse placed upon it.
 D - a +3 trident of venom (weapon)
 O - the +3 rapier of Ejoprof {freeze, +Fly rC- Dex+6}
   (You found it on level 8 of the Dungeon)

   It has been specially enchanted to freeze those struck by it, causing extra
   injury to most foes and up to half again as much damage against particularly
   susceptible opponents.
   It can also slow down cold-blooded creatures.
   It affects your dexterity (+6).
   It makes you vulnerable to cold.
   It lets you fly.
 T - a +0 triple sword
 Y - a +0 halberd of distortion
Missiles
 h - 11 stones (quivered)
 K - 2 throwing nets
Armour
 b - a +1 hat (worn)
 G - a -1 pair of boots (worn)
 J - a +0 cloak (worn)
 S - a +0 pair of gloves (worn)
Jewellery
 o - a ring of poison resistance (right hand)
 r - an uncursed ring of protection from magic
 w - a +2 ring of dexterity (left hand)
 M - an uncursed ring of sustain abilities
 V - an amulet of rage (around neck)
Magical devices
 y - a wand of polymorph (4)
 C - a wand of fireball (7)
 H - a wand of polymorph (10)
 N - a wand of cold (3)
 P - a wand of lightning (7)
 Q - a wand of cold (10)
 W - a wand of polymorph (16)
Scrolls
 e - 4 scrolls of teleportation
 i - 2 scrolls of remove curse
 j - 2 scrolls of blinking
 k - 3 scrolls of enchant weapon
 q - 5 scrolls of recharging
 I - a scroll of immolation
 R - a scroll of identify
Potions
 a - 6 potions of curing
 g - 2 potions of mutation
 m - 2 potions of cancellation
 n - 4 potions of might
 p - 3 potions of heal wounds
 t - 7 potions of restore abilities {unknown}
 v - 2 potions of cure mutation {unknown}
 x - a potion of invisibility
 z - a potion of haste
 A - 3 potions of poison {unknown}
 E - a potion of ambrosia
 F - a potion of flight
 L - a potion of resistance {unknown}
Books
 c - a book of Minor Magic

   Spells                             Type                      Level
   a - Magic Dart                     Conjuration                  1
   b - Blink                          Translocation                2
   c - Call Imp                       Summoning                    2
   d - Repel Missiles                 Charms/Air                   2
   e - Slow                           Hexes                        2
   f - Conjure Flame                  Conjuration/Fire             3
   g - Mephitic Cloud                 Conjuration/Poison/Air       3
 U - a book of Control

   Spells                             Type                      Level
   a - Control Teleport               Charms/Translocation         4
   b - Control Undead                 Necromancy                   4
   c - Enslavement                    Hexes                        4
   d - Metabolic Englaciation         Hexes/Ice                    5
   e - Mass Confusion                 Hexes                        6
 X - a book of Ice

   Spells                             Type                      Level
   a - Ice Form                       Ice/Transmutation            4
   b - Metabolic Englaciation         Hexes/Ice                    5
   c - Ozocubu's Refrigeration        Ice                          6
   d - Bolt of Cold                   Conjuration/Ice              6
   e - Freezing Cloud                 Conjuration/Ice/Air          6
   f - Simulacrum                     Ice/Necromancy               6
Comestibles
 d - 10 bread rations
 f - 2 beef jerkies
 l - 2 slices of pizza
 s - a meat ration
 B - a royal jelly


   Skills:
 + Level 6.9 Fighting
 + Level 2.1 Polearms
 + Level 6.0 Dodging
 - Level 4.2 Stealth
 * Level 7.0 Spellcasting
 * Level 7.0 Conjurations
 - Level 2.3 Charms
 - Level 3.6 Summonings
 - Level 3.0 Translocations
 * Level 5.7 Fire Magic
 - Level 4.2 Air Magic
 - Level 3.7 Poison Magic


You had 4 spell levels left.
You knew the following spells:

 Your Spells              Type           Power        Failure   Level  Hunger
a - Magic Dart            Conj           ####         1%          1    None
b - Blink                 Tloc           N/A          3%          2    None
c - Call Imp              Summ           ###.....     2%          2    None
d - Conjure Flame         Conj/Fire      #####...     1%          3    None
e - Mephitic Cloud        Conj/Pois/Air  ####....     1%          3    None
q - Delayed Fireball      Conj/Fire      N/A          94%         7    #######
r - Repel Missiles        Chrm/Air       ###...       2%          2    None


Dungeon Overview and Level Annotations

Branches:
Dungeon (10/15)            Temple (1/1) D:4             Orc (0/4) D:10
   Lair: D:8-11

Altars:
Ashenzari
Cheibriados
Dithmenos
Elyvilon
Fedhas
Gozag
Kikubaaqudgha
Makhleb
Nemelex Xobeh
Okawaru
Qazlal
Ru
Sif Muna
Trog
Vehumet
Xom
Yredelemnul
Zin
The Shining One
Beogh
Jiyva

Shops:
D:10 ((

Annotations:
D:6 1 runed door
D:10 Fannar


Innate Abilities, Weirdness & Mutations

You can spit globs of burning liquid.
You can ignite nearby creatures when you spit burning liquid.
Your weird mottled scales are hard (AC +7).
Your body does not fit into most forms of armour.
You are cold-blooded and may be slowed by cold attacks.


Message History

Your iron imp hits the ice beast but does no damage.
The ice beast hits your iron imp. The ice beast freezes your iron imp.
Your iron imp resists.
The ice beast hits your iron imp but does no damage.
Your iron imp misses the ice beast.
Casting: Call Imp
Confirm with . or Enter, or press ? or * to list all spells.
You blink.
Fannar mumbles some strange words.
Casting: Blink
Confirm with . or Enter, or press ? or * to list all spells.
Aiming: Magic Dart
Press: ? - help, Shift-Dir - straight line, f - Fannar
Aim: Fannar, wielding a quarterstaff of freezing, wearing a robe of cold resistance, wearing a ring of ice and carrying a wand of flame {zapped: 18} (almost dead, poisoned, protected by a disc of dense vapour)
The magic dart hits Fannar.
Fannar is almost dead.
Fannar mumbles some strange words.
Fannar drains the heat from the surrounding environment!
You feel very cold.
You die...

##########################
#........@...#.....#......
#.....§Y.....#.....#......
#............#.....#......
#.....5Y.....#.....#......
#............#.....#......
#............#.....#......
#..[.........#.....#......
######.#...e##...###....##
#......#.........#........


You could see Fannar, 2 ice beasts and a friendly iron imp.

Vanquished Creatures
  Pikel (D:4)
  An orc knight (Bailey)
  A two-headed ogre (D:6)
  A troll (D:10)
  A trapdoor spider zombie (D:7)
  A spriggan (D:7)
  A deep elf mage (D:9)
  3 hippogriffs
  Edmund (D:6)
  A black bear (D:6)
  10 orc warriors
  2 sky beasts
  4 slaves (D:4)
  2 phantoms
  4 ice beasts
  8 ogres
  An eye of draining (D:9)
  Duvessa (D:4)
  3 centaurs
  6 giant frogs
  2 big kobolds (D:8)
  6 scorpions
  4 killer bees
  4 wights (D:8)
  2 electric eels (D:6)
  3 crimson imps
  Dowan (D:4)
  2 giant frog zombies (D:7)
  5 gnoll shamans (D:8)
  2 goliath beetles
  4 hounds
  4 jellies
  3 iguanas
  2 orc priests
  3 centaur skeletons
  10 orc wizards
  A quasit (D:6)
  Natasha (thrice) (D:6)
  A giant frog skeleton (D:5)
  7 worker ants
  Ijyb (D:5)
  A hound zombie (D:6)
  A hound skeleton (D:10)
  3 mummies
  17 gnolls
  11 adders
  A shadow imp (D:7)
  5 giant mites
  5 oozes
  41 orcs
  11 bats
  A bat skeleton (D:5)
  3 giant cockroaches (D:6)
  15 hobgoblins
  34 kobolds
  2 ball pythons
  5 giant geckos
  7 giant newts
  A giant spore (D:6)
  21 goblins
  5 quokkas
  15 rats
  3 ballistomycetes (D:6)
  A butterfly (D:6)
332 creatures vanquished.

Vanquished Creatures (collateral kills)
  A wraith (D:9)
  A hippogriff (D:7)
  A soldier ant (D:6)
  A quasit (D:7)
  A hound (D:7)
  A worker ant (D:7)
  A gnoll (D:8)
  A giant mite (D:6)
  2 orcs (D:3)
  4 jackals (D:2)
  A goblin (D:3)
  2 kobolds
  A rat (D:6)
18 creatures vanquished.

Vanquished Creatures (others)
  13 crimson imps
  An iron imp (D:10)
  6 white imps
  5 shadow imps
  5 fungi (D:8)
  3 plants (D:8)
  15 toadstools
48 creatures vanquished.

Grand Total: 398 creatures vanquished

Notes
Turn   | Place    | Note
--------------------------------------------------------------
     0 | D:1      | xeno23, the Draconian Wizard, began the quest for the Orb.
     0 | D:1      | Reached XP level 1. HP: 14/14 MP: 4/4
   571 | D:1      | Reached XP level 2. HP: 19/22 MP: 3/6
   600 | D:1      | Learned a level 2 spell: Call Imp
   708 | D:1      | HP: 1/22 [hobgoblin/club (6)]
  1157 | D:1      | Reached skill level 1 in Fighting
  1707 | D:2      | Reached XP level 3. HP: 14/28 MP: 0/8
  2850 | D:3      | Reached XP level 4. HP: 5/35 MP: 0/9
  3304 | D:3      | Learned a level 3 spell: Conjure Flame
  3308 | D:3      | Learned a level 3 spell: Mephitic Cloud
  3676 | D:4      | Noticed Duvessa
  3676 | D:4      | Noticed Dowan
  3783 | D:4      | Reached XP level 5. HP: 31/41 MP: 9/11
  3809 | D:4      | Learned a level 2 spell: Blink
  4082 | D:4      | Found a staircase to the Ecumenical Temple.
  4092 | Temple   | Entered the Ecumenical Temple
  4333 | Temple   | Became a worshipper of Vehumet
  4659 | D:4      | Noticed a slave
  4660 | D:4      | Noticed a slave
  4679 | D:4      | Killed a slave
  4944 | D:4      | Noticed Pikel
  4964 | D:4      | Noticed a slave
  4983 | D:4      | Killed a slave
  5005 | D:4      | Killed Dowan
  5005 | D:4      | Reached skill level 1 in Air Magic
  5005 | D:4      | Reached skill level 1 in Poison Magic
  5009 | D:4      | Killed Duvessa
  5009 | D:4      | Reached XP level 6. HP: 10/48 MP: 4/13
  5088 | D:4      | Noticed a slave
  5098 | D:4      | Killed a slave
  5350 | D:4      | Found a viscous altar of Jiyva.
  5443 | D:4      | Killed Pikel
  5443 | D:4      | Reached skill level 4 in Spellcasting
  5443 | D:4      | Reached skill level 1 in Fire Magic
  5443 | D:4      | Your scales start taking on a weird mottled pattern.
  5443 | D:4      | Reached XP level 7. HP: 43/57 MP: 11/17
  5739 | D:4      | Killed a freed slave
  5764 | D:5      | Entered Level 5 of the Dungeon
  5994 | D:5      | Reached XP level 8. HP: 34/63 MP: 18/18
  6093 | D:5      | Learned a level 2 spell: Repel Missiles
  6104 | D:5      | Got a scorched short sword
  6105 | D:5      | Identified the +4 short sword of the Beast {speed, *Rage rF++ Str+2 Stlth+} (You found it on level 5 of the Dungeon)
  6258 | D:5      | Acquired Vehumet's first power
  6258 | D:5      | Offered knowledge of Sandblast by Vehumet.
  6379 | D:5      | Noticed Ijyb
  6452 | D:5      | Killed Ijyb
  6674 | D:6      | Noticed Edmund
  6685 | D:6      | Killed Edmund
  6989 | D:6      | Offered knowledge of Freeze by Vehumet.
  7226 | D:6      | Reached XP level 9. HP: 62/71 MP: 14/20
  7550 | D:6      | Noticed Natasha
  7555 | D:6      | Killed Natasha
  7603 | D:6      | Noticed Natasha
  7607 | D:6      | Killed Natasha
  7653 | D:6      | Noticed Natasha
  7657 | D:6      | Killed Natasha
  7781 | D:6      | Found a runed door.
  7792 | D:6      | Offered knowledge of Static Discharge by Vehumet.
  7792 | D:6      | Reached skill level 1 in Charms
  7802 | D:6      | Found a runed door.
  8201 | D:6      | Reached skill level 5 in Conjurations
  8401 | D:6      | Acquired Vehumet's second power
  8513 | D:7      | Reached skill level 5 in Fire Magic
  8547 | D:7      | Offered knowledge of Airstrike by Vehumet.
  8635 | D:7      | Reached skill level 5 in Spellcasting
  8713 | D:7      | Found a flagged portal.
  8726 | Bailey   | Entered a bailey
  8932 | Bailey   | Noticed an orc knight
  8960 | Bailey   | Killed an orc knight
  8960 | Bailey   | Reached XP level 10. HP: 78/80 MP: 17/22
  9046 | Bailey   | Reached skill level 5 in Fighting
  9145 | Bailey   | Acquired Vehumet's third power
  9311 | D:7      | Reached skill level 6 in Conjurations
  9854 | D:7      | Offered knowledge of Lee's Rapid Deconstruction by Vehumet.
  9854 | D:7      | Reached skill level 5 in Dodging
 10108 | D:8      | Got a slimy rapier
 10110 | D:8      | Identified the cursed +3 rapier of Ejoprof {freeze, +Fly rC- Dex+6} (You found it on level 8 of the Dungeon)
 10830 | D:8      | Found a blossoming altar of Fedhas.
 11032 | D:8      | Offered knowledge of Delayed Fireball by Vehumet.
 11256 | D:8      | Reached skill level 1 in Polearms
 11559 | D:9      | Learned a level 7 spell: Delayed Fireball
 11587 | D:9      | Found a burning altar of Makhleb.
 12197 | D:9      | Found a roughly hewn altar of Beogh.
 12799 | D:10     | Entered Level 10 of the Dungeon
 12946 | D:10     | Found a bloodstained altar of Trog.
 13085 | D:10     | Found Afimpaigg's Weapon Shoppe.
 13098 | D:10     | Found a staircase to the Orcish Mines.
 13109 | D:10     | Reached XP level 11. HP: 33/91 MP: 23/25
 13117 | D:10     | Reached skill level 7 in Spellcasting
 13343 | D:10     | Found Atiejor's Weapon Shop.
 13351 | D:10     | Bought a +0 halberd of distortion for 156 gold pieces
 13366 | D:10     | Noticed Fannar
 13845 | D:10     | Killed from afar by Fannar

Action                   |  1- 3 |  4- 6 |  7- 9 | 10-12 || total
-------------------------+-------+-------+-------+-------++-------
Melee: Unarmed           |    57 |       |       |       ||    57
       Club              |    68 |       |       |       ||    68
       Mace              |    30 |       |       |       ||    30
       Trident           |       |   102 |   365 |   428 ||   895
       Short sword       |       |       |    31 |       ||    31
       Triple sword      |       |       |       |     8 ||     8
       Rapier            |       |       |       |     1 ||     1
Throw: Stone             |     1 |     1 |       |       ||     2
 Cast: Magic Dart        |    51 |    18 |    70 |    69 ||   208
       Call Imp          |     7 |     2 |     7 |    28 ||    44
       Conjure Flame     |       |     6 |     9 |    11 ||    26
       Blink             |       |     1 |     3 |     8 ||    12
       Mephitic Cloud    |       |       |    13 |    24 ||    37
       Repel Missiles    |       |       |     2 |     2 ||     4
 Abil: Breathe Sticky Fl |       |       |     4 |     4 ||     8
Evoke: Wand              |       |       |       |     2 ||     2
  Use: Potion            |     1 |       |       |     4 ||     5
       Scroll            |       |     1 |    14 |     4 ||    19
 Stab: Sleeping          |     2 |     1 |     3 |     3 ||     9
       Confused          |       |       |     3 |     7 ||    10
       Distracted        |       |       |       |     1 ||     1
  Eat: Chunk             |     6 |     8 |    15 |    16 ||    45
